 Dungeon Crawl Stone Soup version 0.32-a0-450-g080537f31e (webtiles) character file.

Game seed: 15031233294312685743

22 Pooter the Chopper (level 2, 0/27 HPs)
             Began as a Minotaur Monk on Feb 23, 2024.
             Slain by Robin
             ... wielding a +0 whip
              (2 damage)
             ... on level 2 of the Dungeon.
             The game lasted 00:02:35 (493 turns).

Pooter the Chopper (Minotaur Monk)                   Turns: 493, Time: 00:02:36

Health: 0/27       AC:  2    Str: 15    XL:     2   Next: 68%
Magic:  1/1        EV: 12    Int:  7    God:
Gold:   49         SH:  0    Dex: 12    Spells: 1/1 levels left

rFire   . . .        h - +1 spear (freeze)
rCold   . . .        d - orb {light}
rNeg    . . .        b - +0 robe
rPois   .            (helmet restricted)
rElec   .            (no cloak)
rCorr   .            (no gloves)
SInv    .            (no boots)
Will    .....        (no amulet)
Stlth   +            (no ring)
HPRegen 0.24/turn    (no ring)
MPRegen 0.07/turn

%: no passive effects
@: glowing
A: horns 2, retaliatory headbutt
a: no special abilities


You were on level 2 of the Dungeon.
You visited 1 branch of the dungeon, and saw 2 of its levels.

You collected 49 gold pieces.

Inventory:

Hand Weapons
 a - a +0 hand axe
 h - a +1 spear of freezing (weapon)
   (You found it on level 1 of the Dungeon)
Missiles
 Q - 10 stones (quivered)
Armour
 b - a +0 robe (worn)
 d - an orb of light (worn)
Scrolls
 g - a scroll of revelation {unknown}
 i - a scroll of teleportation {unknown}
Potions
 c - a potion of ambrosia
 e - a potion of cancellation {unknown}
 f - 2 potions of degeneration {unknown}


   Skills:
 + Level 3.8 Fighting
 * Level 4.0 Axes
 + Level 0.7 Throwing
 - Level 3.2 Dodging
 + Level 0.4 Stealth
 + Level 0.5 Invocations
 + Level 0.5 Evocations


You had one spell level left.
You didn't know any spells.
Your spell library contained the following spells:

 Spells                   Type           Power      Damage    Failure   Level
 Tukima's Dance           Hex            0%         N/A       80%         3
 Passage of Golubria      Tloc           0%         N/A       99%         4
 Yara's Violent Unravell  Hex/Alch       0%         3d3       100%        5


Dungeon Overview and Level Annotations

Branches:
Dungeon (2/15) Zot: 11506

Altars:

Annotations:
D:2 Robin


Innate Abilities, Weirdness & Mutations

You have a pair of horns on your head.
You reflexively headbutt those who attack you in melee.


Message History

The goblins go into a battle-frenzy!
You reach to attack!
You barely miss the hobgoblin. You hit the hobgoblin. You freeze the hobgoblin.
A hobgoblin comes into view.
The hobgoblin barely misses you. You furiously retaliate!
You headbutt the hobgoblin!
You kill the hobgoblin!
An endoplasm comes into view.
A goblin comes into view. It is wielding a +0 dagger.
A goblin comes into view. It is wielding a +0 club.
The endoplasm quivers.
You hit the goblin but do no damage.
Robin roars a battlecry!
The goblins go into a battle-frenzy!
You hit the goblin. You freeze the goblin.
You kill the goblin!
A goblin comes into view. It is wielding a +0 club.
Robin throws the goblin at you! The goblin hits you with a +0 club.
You puncture the goblin! You freeze the goblin.
You kill the goblin!
A goblin comes into view. It is wielding a +0 club.
The goblin hits you with a +0 dagger.
You are too injured to fight recklessly!
You are too injured to fight recklessly!
You are too injured to fight recklessly!
You are too injured to fight recklessly!
You are too injured to fight recklessly!
You hit the goblin. You freeze the goblin.
You kill the goblin!
Robin throws the goblin at you! The goblin barely misses you.
The goblin misses you. You furiously retaliate!
You headbutt the goblin.
You kill the goblin!
Robin says, "Feeling lonely?"
Robin throws the goblin at you! The goblin closely misses you.
The endoplasm barely misses you. The goblin closely misses you.
Items here: )) ††.
Robin roars a battlecry!
The goblin goes into a battle-frenzy!
The endoplasm barely misses you.
You hit Robin. You freeze Robin. Robin hits you with a +0 whip.
* * * LOW HITPOINT WARNING * * *
The goblin misses you. The endoplasm freezes you.
You are frozen.
* * * LOW HITPOINT WARNING * * *
The goblin hits you with a +0 club.
* * * LOW HITPOINT WARNING * * *
You hit Robin but do no damage. Robin hits you with a +0 whip.
You die...
Robin says, "And that's why I'm the boss."

#........#..#
+..............
#........#..#.#
+........#..#.#
#.............#
#+##.##..........# ##
#.##.##.###.#..###.<##
##.##.##....))g........
#.............g@g......
#........###.##Jg......
#........# #.##g.##..##
#............##.... ...
#................##. #
#.........##.##... ..
##.........##....... .
....................
#.#.#..#...##


You could see Robin, an endoplasm, a hobgoblin (strong) and 3 goblins.

Vanquished Creatures
  A dart slug (D:1)
  A ball python (D:1)
  3 bats
  7 goblins
  A hobgoblin (D:2)
  A quokka (D:1)
  2 frilled lizards (D:1)
  3 rats (D:1)
19 creatures vanquished.

Notes
Turn   | Place    | Note
-------+----------+-------------------------------------------
     0 | D:1      | Pooter the Minotaur Monk began the quest for the Orb.
     0 | D:1      | Reached XP level 1. HP: 19/19 MP: 0/0
   103 | D:1      | Found a faded altar of an unknown god.
   272 | D:1      | Reached XP level 2. HP: 27/27 MP: 1/1
   481 | D:2      | Reached skill level 4 in Axes
   481 | D:2      | Noticed Robin
   493 | D:2      | Slain by Robin

Illustrated notes

Levels and vault maps discovered:
D:1:      dpeg_arrival_court, layout_rooms, hellmonk_ecumenical_altar_zigzags
D:2:      layout_basic, minmay_tromino_v4_c, uniq_robin, uniq_jessica

Skill      XL: |  1  2 |
---------------+-------+-----
Axes           | 4 |  4.0
Fighting       | |  3.8
Throwing       | |  0.7
Dodging        | |  3.2
Stealth        | |  0.4
Invocations    | |  0.5
Evocations     | |  0.5

Action                     || total
---------------------------++-------
  Melee: Hand axe          ||     8
         Spear             ||    21
         Headbutt          ||     2
 Armour: Robe              ||    15
  Dodge: Dodged            ||    23

Table legend: (Time is in decaauts)
 A = Elapsed time spent in this place.
 B = Non-inter-level travel time spent in this place.
 C = Inter-level travel time spent in this place.
 D = Time resting spent in this place.
 E = Time spent auto-exploring this place.
 F = Levels seen in this place.
 G = Mean time per level.
                   A        B        C        D        E       F      G
               +--------+--------+--------+--------+--------+-----+--------+
         Total |    493 |    485 |      8 |      0 |    382 |   2 |  246.5 |
       Dungeon |    493 |    485 |      8 |      0 |    382 |   2 |  246.5 |
               +--------+--------+--------+--------+--------+-----+--------+

Top non-repeatable levels by time:
     D:1: 443 daAuts
     D:2: 49 daAuts
